 Dungeon Crawl Stone Soup version 0.21-a0-156-g77413b7 (webtiles) character file.

2640 grisnicke the Skirmisher (level 9, -9/72 HPs)
             Began as a Mummy Artificer on Aug 3, 2017.
             Was an Initiate of Gozag.
             Mangled by a two-headed ogre
             ... wielding a +0 giant club
              (15 damage)
             ... on level 5 of the Dungeon.
             The game lasted 01:05:33 (10035 turns).

grisnicke the Skirmisher (Mummy Artificer)         Turns: 10035, Time: 01:05:34

Health: -9/72      AC:  9    Str: 18    XL:     9   Next: 35%
Magic:  13/13      EV:  7    Int: 11    God:    Gozag
Gold:   676        SH:  0    Dex: 12    Spells: 8/8 levels left

rFire    x . .     SeeInvis .   a - +2 short sword (speed)
rCold    + . .     Gourm    .   (no shield)
rNeg     + + +     Faith    .   q - +0 chain mail
rPois    ∞         Spirit   .   (no helmet)
rElec    .         Reflect  .   D - scarf {repulsion}
rCorr    .         Harm     .   (no gloves)
MR       +....                  (no boots)
Stlth    ..........             (no amulet)
HPRegen  0.22/turn              (no ring)
MPRegen  0.13/turn              (no ring)

@: repel missiles
A: no food or potions, fire vulnerability, cold resistance 1, negative energy
resistance 3, torment resistance, unbreathing
a: Potion Petition, Call Merchant, Bribe Branch, Renounce Religion


You were on level 5 of the Dungeon.
You worshipped Gozag.
Gozag was pleased with you.
You were not hungry.

You visited 2 branches of the dungeon, and saw 8 of its levels.
You also visited: Sewer.

You collected 766 gold pieces.
You paid 90 gold pieces to Gozag.

Inventory:

Hand Weapons
 a - a +2 short sword of speed (weapon)
   (You took it off a kobold on level 3 of the Dungeon)
 b - a +0 hunting sling
   (You took it off a goblin on level 2 of the Dungeon)
 g - a +0 great sword
   (You found it on level 3 of the Dungeon)
 p - a +1 antimagic dagger
   (You took it off an orc wizard on level 3 of the Dungeon)
 r - a +0 falchion
   (You took it off an orc on level 3 of the Dungeon)
 w - a +0 blowgun
   (You took it off a kobold in a sewer)
 y - a +0 halberd of protection
   (You took it off a gnoll on level 4 of the Dungeon)
 C - a cursed -3 mace
   (You found it on level 6 of the Dungeon)
 E - a +0 long sword
   (You took it off an orc warrior on level 7 of the Dungeon)
Missiles
 i - 6 tomahawks
 j - a throwing net {=f, !d}
 l - 182 stones (quivered)
 m - 11 poisoned needles
 n - 3 javelins
 u - 4 sling bullets
 A - 7 needles of frenzy
Armour
 h - a +0 large shield
   (You found it on level 5 of the Dungeon)
 q - a +0 chain mail (worn)
   (You took it off an orc on level 3 of the Dungeon)
 t - a +0 leather armour of magic resistance
   (You took it off an orc on level 5 of the Dungeon)
 D - a scarf of repulsion (worn)
   (You found it on level 7 of the Dungeon)
 F - a +0 plate armour
   (You took it off an orc warrior on level 7 of the Dungeon)
Wands
 c - a wand of flame (4/48)
 d - a wand of enslavement (6/24)
 e - a wand of random effects (15/48)
 x - a wand of confusion (18/48)
   (You found it on level 5 of the Dungeon)
Scrolls
 f - a scroll of enchant weapon
 k - 5 scrolls of magic mapping {!r}
 o - 2 scrolls of blinking {!r}
 s - 2 scrolls of teleportation
 v - 2 scrolls of recharging {unknown}
 z - a scroll of fear {unknown}
 B - a scroll of identify


   Skills:
 + Level 7.5 Fighting
 - Level 2.7(4.4) Short Blades
 + Level 5.4(5.8) Long Blades
 - Level 3.1 Armour
 - Level 1.5 Dodging
 - Level 0.7 Stealth
 + Level 5.4 Evocations


You had 8 spell levels left.
You didn't know any spells.

Dungeon Overview and Level Annotations

Branches:
Dungeon (7/15)             Temple (1/1) D:5

Altars:
Ashenzari
Dithmenos
Elyvilon
Fedhas
Gozag
Kikubaaqudgha
Nemelex Xobeh
Okawaru
Ru
Sif Muna
Trog
Uskayaw
Wu Jian
Xom
Yredelemnul
Zin
The Shining One

Annotations:
D:2 Yuif, 1 exclusion
D:4 2 transporters wand + book
D:6 Nico3ck's ghost, novice FoFi
D:7 Tux's ghost, novice SpEn


Innate Abilities, Weirdness & Mutations

You do not eat or drink.
Your flesh is vulnerable to fire.
You are immune to poison.
Your flesh is cold resistant. (rC+)
You are immune to negative energy. (rN+++)
You are immune to unholy pain and torment.
You can survive without breathing.


Message History

There is a stone staircase leading down here.
You see here a hand axe.
There is an escape hatch in the floor here.
You slide downwards.
The hatch slams shut behind you.
Level annotation: Nico3ck's ghost, novice FoFi
l - 182 stones (gained 1) Nico3ck's ghost turns its malevolent gaze towards you.
There is an open door here.
Nico3ck's ghost lets out a mournful wail.
The two-headed ogre shouts in stereo!
Aim: a two-headed ogre, wielding two giant clubs (chance to defeat MR: 45%)
The two-headed ogre resists with some effort.
This wand has 7 charges left.
Aim: a two-headed ogre, wielding two giant clubs (chance to defeat MR: 45%)
The two-headed ogre resists with some effort.
This wand has 6 charges left.
The two-headed ogre hits you but does no damage.
The two-headed ogre hits you with a giant club!
You take 17 damage, and have 55/72 hp.
MASSIVE DAMAGE!!
There is an open door here.
There is an escape hatch in the ceiling here.
The two-headed ogre barely misses you.
The two-headed ogre hits you but does no damage.
A mysterious force pulls you upwards. The hatch slams shut behind you.
Aim: a two-headed ogre, wielding two giant clubs (chance to defeat MR: 45%)
The two-headed ogre resists with some effort.
This wand has 21 charges left.
Aim: a two-headed ogre, wielding two giant clubs (chance to defeat MR: 45%)
The two-headed ogre appears confused.
This wand has 20 charges left.
Wield which item (- for none, * to show all)? (? for menu, Esc to quit)
w - a +0 blowgun (weapon)
Quiver which item? (- for none, * to show all) (? for menu, Esc to quit)
Okay, then.
Aim: a two-headed ogre, wielding two giant clubs (confused)
You shoot a poisoned needle.
The poisoned needle hits the two-headed ogre.
Aim: a two-headed ogre, wielding two giant clubs (confused)
You shoot a poisoned needle.
The poisoned needle hits the two-headed ogre.
The two-headed ogre is poisoned.
Aim: a two-headed ogre, wielding two giant clubs (poisoned, confused)
You shoot a poisoned needle.
The poisoned needle hits the two-headed ogre.
The two-headed ogre looks even sicker.
Aim: a two-headed ogre, wielding two giant clubs (poisoned, confused)
You shoot a poisoned needle.
The poisoned needle hits the two-headed ogre.
Aim: a two-headed ogre, wielding two giant clubs (lightly wounded, poisoned, confused)
You shoot a poisoned needle.
The poisoned needle barely misses the two-headed ogre.
Aim: a two-headed ogre, wielding two giant clubs (lightly wounded, poisoned, confused)
You shoot a poisoned needle.
The poisoned needle hits the two-headed ogre.
Aim: a two-headed ogre, wielding two giant clubs (lightly wounded, poisoned, confused)
You shoot a poisoned needle.
The poisoned needle hits the two-headed ogre.
Okay, then.
Wield which item (- for none, * to show all)? (? for menu, Esc to quit)
b - a +0 hunting sling (weapon)
Quiver which item? (- for none, * to show all) (? for menu, Esc to quit)
Quivering
u - 9 sling bullets for slings.
Aim: a two-headed ogre, wielding two giant clubs (lightly wounded, poisoned, confused)
You shoot a sling bullet.
The sling bullet hits the two-headed ogre!
Aim: a two-headed ogre, wielding two giant clubs (moderately wounded, poisoned, confused)
You shoot a sling bullet.
The sling bullet hits the two-headed ogre.
Aim: a two-headed ogre, wielding two giant clubs (moderately wounded, poisoned, confused)
You shoot a sling bullet.
The sling bullet hits the two-headed ogre.
Aim: a two-headed ogre, wielding two giant clubs (moderately wounded, poisoned, confused)
You shoot a sling bullet.
The sling bullet hits the two-headed ogre but does no damage.
Aim: a two-headed ogre, wielding two giant clubs (heavily wounded, poisoned, confused)
You shoot a sling bullet.
The sling bullet hits the two-headed ogre!
Your hands tingle!
a - a +2 short sword of speed (weapon)
The two-headed ogre hits you with a giant club.
The two-headed ogre barely misses you.
You take 6 damage, and have 56/72 hp.
You barely miss the two-headed ogre.
The two-headed ogre seems less confused.
You hit the two-headed ogre.
The two-headed ogre hits you with a giant club!! x2
* * * LOW HITPOINT WARNING * * *
You take 40 damage, and have 16/72 hp.
MASSIVE DAMAGE!!
Aim: a two-headed ogre, wielding two giant clubs (severely wounded, poisoned, chance to defeat MR: 45%)
The two-headed ogre resists with some effort.
This wand has 19 charges left.
Aim: a two-headed ogre, wielding two giant clubs (severely wounded, poisoned, chance to defeat MR: 45%)
The two-headed ogre resists with some effort.
This wand has 18 charges left.
The two-headed ogre looks more healthy.
The two-headed ogre hits you with a giant club!
* * * LOW HITPOINT WARNING * * *
The two-headed ogre hits you with a giant club!
You die...
Your body crumbles into a pile of gold.

###########.#.......
#.#.###### #.#'## #
#....# # #....# #
#....# # #....# #
############....# #
#...@O.(.....#'## #
##.##.(((......######
#.#..<((...........'
#.#..###############
#.#..# # #.#..#
######### # #.#..#
#...#...####
#.#..####.......'...
#.#.....'.....).####


You could see a two-headed ogre.

Vanquished Creatures
  Grinder (D:5)
  A hungry ghost (D:7)
  A sky beast (D:6)
  A water moccasin (D:6)
  An orc warrior (D:7)
  2 ice beasts
  3 ogres
  A phantom (D:7)
  2 centaurs (D:6)
  2 big kobolds (Sewer)
  A bullfrog (D:6)
  2 crimson imps
  4 jellies
  2 hounds
  A gnoll shaman (D:5)
  4 orc priests (D:4)
  2 iguanas (D:4)
  Natasha (twice) (D:2)
  6 orc wizards
  A worker ant (D:5)
  A worker ant zombie (D:6)
  6 gnolls
  13 adders
  3 river rats (Sewer)
  2 shadow imps (D:6)
  5 oozes
  7 worms
  5 dart slugs
  7 leopard geckos
  21 orcs
  5 ball pythons
  9 bats
  8 giant cockroaches
  10 goblins
  4 hobgoblins
  3 jackals
  3 quokkas
  7 frilled lizards
  13 kobolds
  10 rats
182 creatures vanquished.

Vanquished Creatures (collateral kills)
  An orc wizard (D:6)
  A leopard gecko (D:6)
  An orc (D:6)
3 creatures vanquished.

Vanquished Creatures (others)
  3 plants (D:4)
3 creatures vanquished.

Grand Total: 188 creatures vanquished

Notes
Turn   | Place    | Note
-------+----------+-------------------------------------------
     0 | D:1      | grisnicke the Mummy Artificer began the quest for the Orb.
     0 | D:1      | Reached XP level 1. HP: 15/15 MP: 2/2
    48 | D:1      | Reached skill level 1 in Short Blades
   430 | D:1      | Reached XP level 2. HP: 16/21 MP: 3/3
  1020 | D:1      | You fall through a shaft!
  1111 | D:2      | Reached XP level 3. HP: 17/26 MP: 5/5
  1492 | D:2      | Reached skill level 2 in Fighting
  1563 | D:2      | Noticed Natasha
  1819 | D:2      | Reached skill level 3 in Evocations
  2012 | D:2      | Killed Natasha
  2012 | D:2      | Reached XP level 4. HP: 30/34 MP: 6/6
  2155 | D:2      | Reached skill level 2 in Short Blades
  2264 | D:2      | Noticed Natasha
  2385 | D:3      | Noticed an ogre
  2427 | D:2      | Killed Natasha
  2523 | D:3      | Killed an ogre
  2523 | D:3      | Reached skill level 3 in Fighting
  2523 | D:3      | Reached XP level 5. HP: 41/41 MP: 7/7
  2818 | D:2      | grisnicke: ??worm
  2818 | D:2      | beem: worm[1/2]: A slow-moving monster easy to avoid and outrun. Being killed by it is the definition of ignominy.
  3114 | D:3      | Found a glowing silver altar of Zin.
  3679 | D:3      | Reached XP level 6. HP: 41/47 MP: 8/8
  3876 | D:4      | Reached skill level 1 in Long Blades
  4179 | D:4      | Reached skill level 4 in Fighting
  4660 | D:4      | Found a transporter.
  4676 | D:4      | Found a transporter.
  4818 | D:4      | Reached skill level 4 in Evocations
  4927 | D:4      | Reached XP level 7. HP: 43/55 MP: 10/10
  5212 | D:5      | Entered Level 5 of the Dungeon
  5223 | D:4      | Reached skill level 2 in Long Blades
  5289 | D:5      | Reached skill level 1 in Armour
  5871 | D:5      | Reached skill level 5 in Fighting
  6147 | D:5      | Reached skill level 2 in Armour
  6351 | D:4      | Reached skill level 3 in Long Blades
  6726 | D:5      | Found a staircase to the Ecumenical Temple.
  6738 | Temple   | Entered the Ecumenical Temple
  6771 | Temple   | Became a worshipper of Gozag Ym Sagoz the Greedy
  6807 | D:5      | Found a sacrificial altar of Ru.
  6811 | D:5      | Noticed Grinder
  6833 | D:5      | Killed Grinder
  6833 | D:5      | Reached XP level 8. HP: 50/64 MP: 11/11
  6911 | D:5      | Found a shadowy altar of Dithmenos.
  6911 | D:5      | Found a bloodstained altar of Trog.
  6911 | D:5      | Found a hide-covered altar of Uskayaw.
  6911 | D:5      | Found a glowing golden altar of the Shining One.
  6911 | D:5      | Found a shimmering altar of Xom.
  6912 | D:5      | Found a sparkling altar of Nemelex Xobeh.
  6914 | D:5      | Found an ancient bone altar of Kikubaaqudgha.
  6916 | D:5      | Found a blossoming altar of Fedhas.
  7215 | D:5      | Reached skill level 3 in Armour
  7220 | D:5      | Reached skill level 6 in Fighting
  7446 | D:6      | Reached skill level 4 in Long Blades
  7650 | D:6      | Found a glowing drain.
  7654 | Sewer    | Entered a sewer
  8593 | D:6      | grisnicke: ??sky beast
  8593 | D:6      | beem: sky beast[1/2]: Similar to an {ice beast}, only it flies, is made of clouds and tortured flesh, leaves a mutagenic corpse and fades in and out of visibility at random. Appears at the same depths as ice beasts, but has less AC and is not resistant to poison.
  8593 | D:6      | grisnicke: @?? sky beast
  8593 | D:6      | beem: sky beast (Y)
                  | Spd:
    10 | HD: 5    | HP: 22-32
                  | AC/EV: 3/13
                  | Dam: 5(elec:5-6)
                  | fly
                  | Res: magic(20), elec+++
                  | Chunks: mutagenic
                  | XP:
   130 | Sz: Large | Int: animal.
  8733 | D:6      | Reached skill level 7 in Fighting
  8733 | D:6      | Reached XP level 9. HP: 19/72 MP: 12/12
  9241 | D:6      | Noticed a two-headed ogre
  9282 | D:6      | Noticed Nico3ck's ghost (novice FoFi)
  9314 | D:6      | Upgraded the game from 0.21-a0-155-gb8a8bae to 0.21-a0-156-g77413b7
  9577 | D:6      | Reached skill level 5 in Evocations
  9599 | D:6      | Reached skill level 5 in Long Blades
  9844 | D:7      | Noticed Tux's ghost (novice SpEn)
 10033 | D:5      | HP: 16/72 [two-headed ogre/giant club (18)]
 10035 | D:5      | HP: 6/72 [two-headed ogre/giant club (11)]
 10035 | D:5      | Mangled by a two-headed ogre

Vault maps used:
D:1:      roderic_octagonal_star, hangedman_feature_mirror,
          minmay_small_reverse_x
D:2:      minmay_door_path, uniq_crazy_yiuf_cottage, uniq_natasha
D:3:      lemuel_round_altar, first_bread
D:4:      gammafunk_wand_slinger
D:5:      minitemple, minmay_temple_entry_junction, uniq_grinder
D:6:      gup_sewer_entry_spiral
D:7:      slow_altar_2, uniq_prince_ribbit1
Temple:   jpeg_temple_island
Sewer:    sewer_co_tree

Skill      XL: |  1  2  3  4  5  6  7  8  9 |
---------------+----------------------------+-----
Short Blades   | 1 2 |  2.7
Fighting       | 2 3 4 5 7 |  7.5
Evocations     | 3 4 5 |  5.4
Long Blades    | 1 3 4 5 |  5.4
Armour         | 2 3 |  3.1
Dodging        | |  1.5
Stealth        | |  0.7

Action                   |  1- 3 |  4- 6 |  7- 9 || total
-------------------------+-------+-------+-------++-------
Melee: Short sword       |   142 |   237 |   577 ||   956
       Halberd           |       |       |     6 ||     6
 Fire: Hunting sling     |       |    97 |   108 ||   205
       Blowgun           |       |       |    64 ||    64
Throw: Stone             |     2 |       |     2 ||     4
       Tomahawk          |     5 |       |       ||     5
Evoke: Wand              |    10 |     2 |    27 ||    39
  Use: Scroll            |     3 |     2 |     4 ||     9
 Stab: Sleeping          |     1 |       |       ||     1
       Confused          |       |       |     5 ||     5
       Distracted        |       |       |     1 ||     1
Armor: Leather armour    |    20 |       |       ||    20
       Scale mail        |    36 |    50 |       ||    86
       Chain mail        |       |    14 |   197 ||   211
Dodge: Dodged            |    83 |    84 |   125 ||   292

Vault maps used:
D:1:      roderic_octagonal_star, hangedman_feature_mirror,
          minmay_small_reverse_x
D:2:      minmay_door_path, uniq_crazy_yiuf_cottage, uniq_natasha
D:3:      lemuel_round_altar, first_bread
D:4:      gammafunk_wand_slinger
D:5:      minitemple, minmay_temple_entry_junction, uniq_grinder
D:6:      gup_sewer_entry_spiral
D:7:      slow_altar_2, uniq_prince_ribbit1
Temple:   jpeg_temple_island
Sewer:    sewer_co_tree

Table legend:
 A = Turns spent in this place as a percentage of turns spent in the entire game.
 B = Non-inter-level travel turns spent in this place as a percentage of non-inter-level travel turns spent in the entire game.
 C = Inter-level travel turns spent in this place as a percentage of turns spent in this place.
 D = Turns resting spent in this place as a percentage of non-inter-level travel turns spent in this place.
 E = Turns spent auto-exploring this place as a percentage of non-inter-level travel turns spent in this place.
 F = Non-inter-level travel turns spent in this place divided by the number of levels of this place that you've seen.
                   A       B       C       D       E      F
               +-------+-------+-------+-------+-------+----------------------
         Total | 100.0 | 100.0 |   0.3 |   1.8 |   1.8 | 504.6
       Dungeon |  88.1 |  88.1 |   0.3 |   2.1 |   1.6 | 571.3
        Temple |   0.3 |   0.2 |   8.3 |   0.0 |   9.1 |  11.0
         Sewer |  11.7 |  11.7 |   0.0 |   0.0 |   2.6 | 531.0
               +-------+-------+-------+-------+-------+----------------------

Table legend:
 A = Kills in this place as a percentage of kills in entire the game.
 B = Kills by you in this place as a percentage of kills by you in the entire game.
 C = Kills by friends in this place as a percentage of kills by friends in the entire game.
 D = Other kills in this place as a percentage of other kills in the entire game.
 E = Experience gained in this place as a percentage of experience gained in the entire game.
 F = Experience gained in this place divided by the number of levels of this place that you have seen.
                   A       B       C       D       E      F
               +-------+-------+-------+-------+-------+----------------------
         Total | 100.0 | 100.0 | 100.0 |  -nan | 100.0 | 419.1
       Dungeon |  84.9 |  84.6 | 100.0 |  -nan |  90.2 | 486.1
         Sewer |  15.1 |  15.4 |   0.0 |  -nan |   9.8 | 369.0
               +-------+-------+-------+-------+-------+----------------------
